 Dungeon Crawl Stone Soup version 0.31-a0-859-g9dce7d3444 (webtiles) character file.

Game seed: 524173954743077534

94 Azuregosa the Covert (level 4, 0/31 HPs)
             Began as an Octopode Delver on Oct 9, 2023.
             Was a Follower of Jiyva.
             Killed by nerve-wracking pain
             ... invoked by an orc priest
              (13 damage)
             ... on level 3 of the Dungeon.
             The game lasted 00:07:08 (1747 turns).

Azuregosa the Covert (Octopode Delver)              Turns: 1747, Time: 00:07:09

Health: 0/31       AC:  1    Str: 11    XL:     4   Next: 63%
Magic:  4/4        EV: 13    Int: 14    God:    Jiyva [*.....]
Gold:   80         SH:  0    Dex: 13    Spells: 3/3 levels left

rFire   . . .        a - +0 falchion
rCold   . . .        (no shield)
rNeg    . . .        o - +0 hat
rPois   .            (no amulet)
rElec   .            (no ring)
rCorr   .            (no ring)
SInv    .            (no ring)
Will    .....        (no ring)
Stlth   +++++        (no ring)
HPRegen 1.05/turn    (no ring)
MPRegen 0.34/turn    (no ring)
                     (no ring)

%: no passive effects
@: no status effects
A: almost no armour, amphibious, 8 rings, camouflage 1, gelatinous body 1,
(nimble swimmer 1), tentacles
a: Renounce Religion


You were on level 3 of the Dungeon.
You worshipped Jiyva.
Jiyva was aware of your devotion.
You visited 1 branch of the dungeon, and saw 5 of its levels.

You collected 80 gold pieces.

Inventory:

Hand Weapons
 a - a +0 falchion (weapon)
 s - a +2 short sword of draining
Armour
 n - a +0 pair of gloves
 o - a +0 hat (worn)
Jewellery
 q - a ring of poison resistance
Wands
 f - a wand of digging (3)
Scrolls
 b - 2 scrolls of fog
 c - 5 scrolls of revelation
 d - a scroll of fear
 g - 2 scrolls of teleportation {unknown}
 h - 5 scrolls of identify {unknown}
 j - 3 scrolls of noise {unknown}
 m - a scroll of blinking {unknown}
 p - a scroll of amnesia {unknown}
Potions
 e - a potion of haste
 i - 2 potions of curing {unknown}
 k - a potion of attraction {unknown}
 l - a potion of invisibility {unknown}
 r - a potion of enlightenment {unknown}
 t - a potion of heal wounds {unknown}


   Skills:
 - Level 3.0 Fighting
 - Level 2.0 Long Blades
 - Level 2.0 Dodging
 + Level 9.1 Stealth


You had 3 spell levels left.
You didn't know any spells.
Your spell library was empty.

Dungeon Overview and Level Annotations

Branches:
Dungeon (5/15)
 Temple: D:4-7

Altars:
Jiyva

Shops:
D:3 !


Innate Abilities, Weirdness & Mutations

You cannot wear most types of armour.
You are amphibious.
You can wear up to eight rings at the same time.
Your skin changes colour to match your surroundings (Stealth+).
Your rubbery body absorbs attacks. (AC +1, EV +1)
((You are camouflaged when in or above water. (Stealth+)))
You have tentacles for arms and can constrict up to eight enemies at once.


Message History

You hit the quokka. Your grab misses the quokka.
Your squeeze misses the quokka.
The quokka is heavily wounded.
The quokka bites you.
You closely miss the quokka. You grab the quokka.
The quokka is heavily wounded.
You constrict the quokka, but do no damage.
The bat closely misses you. The bat barely misses you.
The quokka closely misses you. The bat barely misses you.
The quokka misses you.
You barely miss the quokka.
The quokka is heavily wounded.
You constrict the quokka. The quokka bites you.
You hit the quokka.
You kill the quokka!
The bat closely misses you. The bat hits you but does no damage.
You hit the bat.
You kill the bat!
t - an emerald potion
Found Toruhuts's Distillery. 3 orcs come into view.
An orc priest comes into view. It is wielding a +0 dagger.
The helpless orc fails to defend itself.
You slash the orc!
You kill the orc!
The orc shouts!
The orc priest shouts!
You closely miss the orc. You grab the orc.
You constrict the orc, but do no damage.
The orc barely misses you.
The orc priest invokes the aid of Beogh against you.
Beogh smites you!
You hit the orc. You squeeze the orc.
You kill the orc!
The orc priest mumbles some strange prayers to Beogh against you.
Pain shoots through your body!
You completely miss the orc. You grab the orc. Your squeeze misses the orc.
You constrict the orc.
The orc priest invokes the aid of Beogh against you.
Pain shoots through your body!
You die...

##### #######
####...######## ......#
....##.#......###......#
.##.........#.##o)..o..#
.##.........#.##@#
##########
.#####.#...##....#.#
#......... ...#
#....#####....#
#......... ##.# #....#
#∩.### #.........
#.#####..# #.##
#......... #....#...#
#.# #........)
####.#..## #.#
#...<..... #....# #+#
#......... #....#
#.........


You could see an orc priest and an orc.

Vanquished Creatures
  3 adders (D:2)
  2 orcs (D:3)
  6 endoplasms
  7 giant cockroaches
  4 goblins
  3 hobgoblins
  5 jackals (D:3)
  6 kobolds
  5 quokkas
  3 ball pythons
  2 bats
  6 frilled lizards
  10 rats
62 creatures vanquished.

Notes
Turn   | Place    | Note
-------+----------+-------------------------------------------
     0 | D:5      | Azuregosa the Octopode Delver began the quest for the Orb.
     0 | D:5      | Reached XP level 1. HP: 16/16 MP: 1/1
   205 | D:5      | Noticed an orc priest
   214 | D:4      | Noticed an orc wizard
   214 | D:4      | Noticed an orc priest
   214 | D:4      | Noticed an orc wizard
   323 | D:2      | Reached skill level 7 in Stealth
   329 | D:2      | Reached XP level 2. HP: 20/21 MP: 2/2
   460 | D:2      | Reached XP level 3. HP: 16/26 MP: 3/3
   523 | D:2      | Reached skill level 8 in Stealth
  1238 | D:2      | Reached XP level 4. HP: 31/31 MP: 4/4
  1409 | D:2      | Found a faded altar of an unknown god.
  1454 | D:2      | Prayed at the altar of an unknown god.
  1454 | D:2      | Became a worshipper of Jiyva Jelunn the Shapeless
  1454 | D:2      | Reached * piety under Jiyva
  1640 | D:3      | Reached skill level 9 in Stealth
  1737 | D:3      | Found Toruhuts's Distillery.
  1747 | D:3      | Killed from afar by an orc priest

Illustrated notes

Levels and vault maps discovered:
D:1:      dpeg_arrival_round_a, layout_loops_ring, serial_glass,
          glass_columns_a, glass_columns_b
D:2:      layout_basic, basic_ecumenical_altar
D:3:      layout_basic, serial_shops, shop
D:4:      layout_basic, gammafunk_temple_overflow_statue,
          minmay_temple_entry_mini_moons, minmay_checkerbox
D:5:      layout_gridville

Skill      XL: |  1  2  3  4 |
---------------+-------------+-----
Stealth        | 7 8 9 |  9.1
Fighting       | |  3.0
Long Blades    | |  2.0
Dodging        | |  2.0

Action                     |  1- 3 |  4- 6 || total
---------------------------+-------+-------++-------
  Melee: Falchion          |    64 |    43 ||   107
         Constrict         |    16 |    13 ||    29
         Tentacles         |    13 |     6 ||    19
         Punch             |     1 |       ||     1
   Stab: Sleeping          |    14 |     6 ||    20
 Armour: Skin              |    19 |    18 ||    37
  Dodge: Dodged            |    33 |    26 ||    59

Table legend: (Time is in decaauts)
 A = Elapsed time spent in this place.
 B = Non-inter-level travel time spent in this place.
 C = Inter-level travel time spent in this place.
 D = Time resting spent in this place.
 E = Time spent auto-exploring this place.
 F = Levels seen in this place.
 G = Mean time per level.
                   A        B        C        D        E       F      G
               +--------+--------+--------+--------+--------+-----+--------+
         Total |   1767 |   1724 |     43 |     52 |   1003 |   5 |  353.4 |
       Dungeon |   1767 |   1724 |     43 |     52 |   1003 |   5 |  353.4 |
               +--------+--------+--------+--------+--------+-----+--------+

Top non-repeatable levels by time:
     D:1: 658 daAuts
     D:2: 573 daAuts
     D:3: 313 daAuts
     D:5: 214 daAuts
     D:4: 7 daAuts
